[Event "Early-Titled-Tuesday-Blitz-June-18-2024"]
[Site "Chess.com"]
[Date "2024.06.18"]
[Round "8"]
[White "DonCiao"]
[Black "yonaltimur"]
[Result "0-1"]
[WhiteElo "2086"]
[BlackElo "2302"]
[TimeControl "180+1"]
[EndTime "9:29:06 PDT"]
[Termination "yonaltimur won by resignation"]

1. c4 e5 2. g3 Nf6 3. Bg2 d5 4. cxd5 Nxd5 5. Nc3 Nb6 6. Nf3 Nc6 7. O-O Be7 8. a3 O-O 9. b4 Be6 10. Bb2 f6 11. d3 Qe8 12. Rc1 Qf7 13. Nb5 Rac8 14. Rxc6 bxc6 15. Nxa7 Ra8 16. Nxc6 Na4 17. Ba1 Bb3 18. Qd2 Bd6 19. Rc1 Nb6 20. Na5 Be6 21. d4 e4 22. Ne1 f5 23. Nc2 Nd5 24.
Ne3 Nxe3 25. Qxe3 Bd5 26. Bc3 f4 27. gxf4 Bxf4 28. Qh3 Bxc1 29. Qg4 Qxf2+ 30. Kh1 Be3 0-1

[Event "Early-Titled-Tuesday-Blitz-June-18-2024"]
[Site "Chess.com"]
[Date "2024.06.18"]
[Round "8"]
[White "manitodeplomo"]
[Black "Aradhya2000"]
[Result "0-1"]
[WhiteElo "2659"]
[BlackElo "2824"]
[TimeControl "180+1"]
[EndTime "9:29:07 PDT"]
[Termination "Aradhya2000 won on time"]

1. d4 d5 2. c4 e6 3. Nf3 Nf6 4.
Nc3 dxc4 5. e3 a6 6. Bxc4 b5 7. Bb3 Bb7 8. O-O Nbd7 9. Re1 b4 10.
Na4 Bd6 11. a3 a5 12. axb4 axb4 13. Bd2 O-O 14. Qe2 Qe7 15. Rec1 e5 16. dxe5 Nxe5 17. Nd4 Qd7 18. Nc5 Bxc5 19. Rxa8 Rxa8 20. Rxc5 Ra1+ 21.
Rc1 Rxc1+ 22. Bxc1 c5 23. f4 cxd4 24. fxe5 d3 25. Qf1 Ne4 26. Qf4 g5 27. e6 fxe6 28. Qb8+ Kf7 29. Qe5 Bd5 0-1

[Event "Early-Titled-Tuesday-Blitz-June-18-2024"]
[Site "Chess.com"]
[Date "2024.06.18"]
[Round "8"]
[White "talaicito"]
[Black "Acva-Alenok"]
[Result "1-0"]
[WhiteElo "2271"]
[BlackElo "2380"]
[TimeControl "180+1"]
[EndTime "9:29:08 PDT"]
[Termination "talaicito won on time"]

1. d4 Nf6 2. Nc3 d5 3. Bf4 c5 4. e3 e6 5. Nb5 Na6 6. c3 Be7 7. Nf3 O-O 8. Ne5 Nd7 9. Bd3 Nxe5 10. Bxe5 Bd7 11. a4 c4 12. Bc2 Bxb5 13. axb5 Nc7 14. Qh5 g6 15. Qh6 Bf6 16. h4 Bxe5 17. dxe5 f5 18. h5 g5 19. g4 Qe8 20. gxf5 exf5 21.
Rg1 Qxe5 22. Rxg5+ Kh8 23. O-O-O Ne6 24. Rg6 Nc5 25.
Rxd5 Qe7 26. Rxc5 Rg8 27. Rxf5 1-0

[Event "Early-Titled-Tuesday-Blitz-June-18-2024"]
[Site "Chess.com"]
[Date "2024.06.18"]
[Round "8"]
[White "Lady_Nika"]
[Black "MANOJ_MISHRA123"]
[Result "1-0"]
[WhiteElo "2512"]
[BlackElo "2208"]
[TimeControl "180+1"]
[EndTime "9:29:09 PDT"]
[Termination "Lady_Nika won on time"]

1. e4 d6 2. d4 Nf6 3. f3 Nbd7 4. c4 e5 5. d5 Be7 6. Nc3 h6 7.
Be3 g5 8. Bd3 Nc5 9. Nge2 a5 10.
Qd2 a4 11. O-O-O c6 12. Bc2 Qa5 13. Bxc5 dxc5 14. Bxa4 Bd7 15. dxc6 Bxc6 16. Bxc6+ bxc6 17. h4 gxh4 18. Rxh4 Nh7 19. Qd7+ Kf8 20. Rhh1 Bg5+ 21. Kb1 Nf6 22. Qxc6 Kg7 23. Qb5 Qa7 24. Qb3 Rhb8 25.
Nb5 Qa5 26. Nec3 Be3 27. g3 Bd4 28. Kc2 Nd7 29. a3 Nb6 30. f4 1-0

[Event "Early-Titled-Tuesday-Blitz-June-18-2024"]
[Site "Chess.com"]
[Date "2024.06.18"]
[Round "8"]
[White "tptagain"]
[Black "DarkAlekhine"]
[Result "0-1"]
[WhiteElo "2920"]
[BlackElo "2760"]
[TimeControl "180+1"]
[EndTime "9:29:11 PDT"]
[Termination "DarkAlekhine won by resignation"]

1. d4 Nf6 2. Nf3 c5 3. e3 g6 4.
dxc5 Bg7 5. a3 O-O 6. Nc3 a5 7. e4 Na6 8. Bxa6 Rxa6 9. O-O d6 10.
cxd6 Rxd6 11. Qe2 b6 12. e5 Re6 13. Ng5 Nd5 14. Nxd5 Rxe5 15. Be3 Rxd5 16. c4 Rd7 17.
Rad1 Bb7 18. Bxb6 Qxb6 19. Rxd7 Bxg2 20. Rfd1 Bc6 21. Rxe7 Bf6 22. Re5 h6 23. Nh3 Bxe5 24. Qxe5 Qb3 25. Rd6 Re8 0-1

[Event "Early-Titled-Tuesday-Blitz-June-18-2024"]
[Site "Chess.com"]
[Date "2024.06.18"]
[Round "8"]
[White "Juicy_Fork"]
[Black "MVM2008"]
[Result "1-0"]
[WhiteElo "2441"]
[BlackElo "2576"]
[TimeControl "180+1"]
[EndTime "9:29:13 PDT"]
[Termination "Juicy_Fork won by resignation"]

1. e4 e5 2. Nf3 Nf6 3. Nxe5 Nc6 4. Nxc6 dxc6 5. d3 Bc5 6. Be2 h5 7. Be3 Bxe3 8. fxe3 Ng4 9. Qd2 Qf6 10. Bxg4 Bxg4 11.
Nc3 O-O-O 12. h3 Be6 13. O-O-O c5 14. Rhf1 Qe7 15. Qf2 f6 16. Qf4 Rd6 17. e5 fxe5 18. Qxe5 Qd7 19. Qxc5 Rc6 20. Qxa7 Ra6 21. Qc5 b6 22.
Qb4 c6 23. a3 Kb7 24. Ne4 Ka7 25. Ng5 Bg8 26. Qf8 Ra5 27. Nf7 Rf5 28. Rxf5 Qxf5 29. Qe7+ 1-0

[Event "Early-Titled-Tuesday-Blitz-June-18-2024"]
[Site "Chess.com"]
[Date "2024.06.18"]
[Round "8"]
[White "azikom"]
[Black "DishonorOnYourCow"]
[Result "1-0"]
[WhiteElo "2692"]
[BlackElo "2520"]
[TimeControl "180+1"]
[EndTime "9:29:14 PDT"]
[Termination "azikom won by checkmate"]

1. e4 c5 2. Nc3 a6 3. g3 Nc6 4. Bg2 g6 5. d3 Bg7 6. h4 h5 7. Be3 d6 8. Qd2 Nf6 9. f3 b5 10. Nh3 b4 11. Nd1 Bb7 12. O-O O-O 13. Bh6 Nd4 14.
Bxg7 Kxg7 15. Ng5 Nh7 16. c3 bxc3 17. bxc3 Nxg5 18. hxg5 Ne6 19. f4 Kh7 20. Ne3 Qa5 21.
Nd5 Bxd5 22. exd5 Ng7 23. Kh2 Nf5 24. Rae1 Rab8 25. Bh3 Qa3 26. Rf2 Rfe8 27. Bxf5 gxf5 28. Rfe2 Kg6 29. Kh3 Qa5 30. Rxe7 Rxe7 31. Rxe7 Rb1 32.
Rd7 Qb6 33. Qe2 c4 34. d4 Rh1+ 35. Kg2 Qb1 36. Rxd6+ Kh7 37. Rh6+ Kg7 38. Qe5+ Kf8 39. Rh8# 1-0

[Event "Early-Titled-Tuesday-Blitz-June-18-2024"]
[Site "Chess.com"]
[Date "2024.06.18"]
[Round "8"]
[White "Austen48"]
[Black "Eliwood44"]
[Result "0-1"]
[WhiteElo "2300"]
[BlackElo "2479"]
[TimeControl "180+1"]
[EndTime "9:29:15 PDT"]
[Termination "Eliwood44 won by resignation"]

1. d4 Nf6 2. c4 e6 3. Nc3 d5 4.
cxd5 exd5 5. Bg5 c6 6. e3 h6 7. Bh4 Bd6 8. Bd3 O-O 9. Qc2 Be6 10. Nge2 Nbd7 11. h3 Re8 12. O-O a6 13. a4 Rc8 14.
Bg3 Bxg3 15. Nxg3 c5 16. dxc5 Nxc5 17. Bf5 Nfe4 18. Qe2 Nxc3 19. bxc3 Bxf5 20. Nxf5 Ne4 21. Qg4 Qf6 22. Rad1 h5 23. Qf4 Nxc3 24. Rd2 Re4 25.
Qf3 Rxa4 26. Rxd5 Nxd5 27. Qxd5 g6 28. Nd4 Rd8 29. Qxb7 a5 30. Rc1 Raxd4 31. exd4 Qxd4 32. Qc7 a4 33. Qc2 a3 34. Qb3 Ra8 35. Rc2 Qa1+ 36.
Kh2 a2 37. g3 Qb1 38. Rxa2 Qxa2 0-1

[Event "Early-Titled-Tuesday-Blitz-June-18-2024"]
[Site "Chess.com"]
[Date "2024.06.18"]
[Round "8"]
[White "UnTucopalaTimba"]
[Black "MeesvanOsch"]
[Result "0-1"]
[WhiteElo "2087"]
[BlackElo "2332"]
[TimeControl "180+1"]
[EndTime "9:29:18 PDT"]
[Termination "MeesvanOsch won by resignation"]

1. e4 e6 2. d4 d5 3. Nd2 Nf6 4.
e5 Nfd7 5. Bd3 c5 6. c3 Nc6 7.
Ne2 cxd4 8. cxd4 f6 9. exf6 Nxf6 10. O-O Bd6 11. Nf3 O-O 12. Bg5 Qb6 13. Rb1 Bd7 14.
a3 Be8 15. Bh4 Bh5 16. Ng5 Rae8 17. f3 h6 18. Nh3 e5 19. Bf2 e4 20. fxe4 dxe4 21. Bc4+ Kh8 22. Kh1 e3 23. d5 Na5 24.
Ba2 exf2 25. Rxf2 Bc5 26. b4 Bxf2 27. bxa5 Bxe2 0-1

[Event "Early-Titled-Tuesday-Blitz-June-18-2024"]
[Site "Chess.com"]
[Date "2024.06.18"]
[Round "8"]
[White "CFalcons8"]
[Black "Chessgod9oninsta"]
[Result "0-1"]
[WhiteElo "2444"]
[BlackElo "2739"]
[TimeControl "180+1"]
[EndTime "9:29:20 PDT"]
[Termination "Chessgod9oninsta won by resignation"]

1. e4 e5 2. Nf3 Nc6 3. Bb5 a6 4. Ba4 d6 5. c3 Bd7 6. O-O g6 7. d4 Bg7 8. h3 Nf6 9. Re1 O-O 10. Nbd2 Re8 11. Bc2 b5 12. a4 b4 13. Nc4 bxc3 14. bxc3 exd4 15. cxd4 d5 16. exd5 Nxd5 17. Rxe8+ Bxe8 18. Be3 Nc3 19. Qd3 Nxd4 20. Bxd4 Bxd4 21. Nxd4 Qxd4 22.
Re1 Qxd3 23. Bxd3 Bxa4 24. Re7 Nd5 25. Re5 Rd8 26. Na5 Bb5 27. Bxb5 axb5 28. Nc6 Rd6 29. Rxd5 Rxc6 30. Rxb5 Kg7 31. Rd5 Rd6 32. Rc5 c6 33.
Kh2 Kf6 34. Kg3 Ke7 35. Kf3 Kd7 36. Ra5 Rd5 37. Ra7+ Ke6 38. Ke3 Rd7 39. Ra6 Kd5 40. Kf4 c5 41. Ra8 c4 42. Rc8 h6 43. h4 Kd4 44. h5 gxh5 45. Kf5 c3 46. Kf6 Kd3 47. Kg7 c2 48. Kxh6 h4 49. Kg5 Rd5+ 50. Kf6 Rd7 51.
Kg5 Kd2 52. Kxh4 c1=Q 53. Rxc1 Kxc1 54. g4 Kd2 55. f4 Kd3 56. f5 Ke4 57. Kg5 Ke5 58.
Kh6 Kf6 59. Kh7 Rd8 60. g5+ Kxg5 0-1

[Event "Early-Titled-Tuesday-Blitz-June-18-2024"]
[Site "Chess.com"]
[Date "2024.06.18"]
[Round "8"]
[White "Xavier_mompel"]
[Black "NikitaShnadrygin"]
[Result "0-1"]
[WhiteElo "2437"]
[BlackElo "2736"]
[TimeControl "180+1"]
[EndTime "9:29:20 PDT"]
[Termination "NikitaShnadrygin won by resignation"]

1. e4 c5 2. Nf3 e6 3. d4 cxd4 4. Nxd4 Nf6 5. Nc3 Nc6 6. Ndb5 Bb4 7. a3 Bxc3+ 8. Nxc3 d5 9. exd5 exd5 10. Bd3 O-O 11. O-O Bg4 12. f3 Bh5 13. Bg5 Qb6+ 14. Kh1 Ne4 15.
Nxe4 dxe4 16. Bxe4 Qxb2 17. Qd3 Bg6 18. Bxg6 hxg6 19.
Rab1 Qe5 20. Qb5 Qxb5 21. Rxb5 b6 22. Rd5 Rac8 23. Rfd1 f6 24. Bf4 Rfe8 25. h4 Kf7 26. Rd7+ Re7 27. Rxe7+ Kxe7 28. Re1+ Kf7 29. Rd1 Rd8 30.
Rxd8 Nxd8 31. c4 Ke6 32. Kg1 Nc6 33. Kf2 Na5 34. Bb8 a6 35. Bc7 Nxc4 36. Ke2 b5 37.
Kd3 Nxa3 38. Ba5 Nc4 39. Bb4 g5 40. h5 Ne5+ 41. Ke3 Nc6 42. Bf8 Kf7 43. Bc5 a5 44.
Ke4 b4 45. Kd5 Ne5 46. Bd4 a4 47. Kc5 b3 48. Kb4 Nc6+ 0-1

[Event "Early-Titled-Tuesday-Blitz-June-18-2024"]
[Site "Chess.com"]
[Date "2024.06.18"]
[Round "8"]
[White "CSB7"]
[Black "Sanan_Sjugirov"]
[Result "0-1"]
[WhiteElo "2756"]
[BlackElo "2946"]
[TimeControl "180+1"]
[EndTime "9:29:22 PDT"]
[Termination "Sanan_Sjugirov won by resignation"]

1. d4 Nf6 2. c4 e6 3. Nc3 Bb4 4. f3 b5 5. cxb5 Nd5 6. Qd3 a6 7.
e4 Nxc3 8. bxc3 Be7 9. Qc2 O-O 10. Nh3 axb5 11. Bxb5 Ba6 12. Bxa6 Rxa6 13. O-O Nc6 14.
Be3 Qa8 15. Nf2 Ra3 16. Rfb1 Qa6 17. Rb3 Ra4 18. Nd3 Ra8 19. d5 Na5 20. Rbb1 Nc4 21.
Qe2 h6 22. Bd4 Na3 23. Rb3 Nb5 24. Nc5 Nxd4 25. Qxa6 Bxc5 26. Qb7 Nxb3+ 27. Kf1 Nxa1 28. Qxc7 Rxa2 29. Qxc5 Nb3 30. Qb4 Rb2 0-1

[Event "Early-Titled-Tuesday-Blitz-June-18-2024"]
[Site "Chess.com"]
[Date "2024.06.18"]
[Round "8"]
[White "pavelalexandru07"]
[Black "Alphafischer2019"]
[Result "0-1"]
[WhiteElo "2467"]
[BlackElo "2638"]
[TimeControl "180+1"]
[EndTime "9:29:22 PDT"]
[Termination "Alphafischer2019 won by resignation"]

1. e4 e6 2. d4 d5 3. Nc3 dxe4 4.
Nxe4 Nd7 5. Nf3 Ngf6 6. Nxf6+ Nxf6 7. Bd3 c5 8. c3 cxd4 9. Nxd4 Bc5 10. Nb3 Bd6 11. Qe2 O-O 12. Be3 Qc7 13. O-O-O b6 14. g4 Bb7 15. Rhg1 Nd5 16. Bd2 Nf4 17. Bxf4 Bxf4+ 18. Kb1 Bxh2 19. Rge1 Rfd8 20. f3 Bf4 21. Rh1 g6 22.
Nd4 e5 23. Nf5 gxf5 24. gxf5 f6 25. Rdg1+ Kh8 26. Rg6 Qd7 27. Bc4 Qxf5+ 28. Qc2 Qxc2+ 29. Kxc2 Bxf3 0-1

[Event "Early-Titled-Tuesday-Blitz-June-18-2024"]
[Site "Chess.com"]
[Date "2024.06.18"]
[Round "8"]
[White "FARIZA2018"]
[Black "LaPiToB"]
[Result "1-0"]
[WhiteElo "2604"]
[BlackElo "2356"]
[TimeControl "180+1"]
[EndTime "9:29:23 PDT"]
[Termination "FARIZA2018 won by resignation"]

1. e4 c6 2. d4 d5 3. Nc3 dxe4 4. Nxe4 Nf6 5. Qd3 Nxe4 6. Qxe4 Nd7 7. Nf3 Nf6 8. Qd3 g6 9. Be2 Bf5 10. Qb3 Qc8 11.
O-O Bg7 12. Bc4 O-O 13. Ne5 e6 14. a4 Be4 15. Qe3 Bd5 16. Bd3 Nd7 17. c4 Nxe5 18. dxe5 Bxg2 19. Kxg2 f5 20. exf6 Bxf6 21. Bd2 e5 22.
Rae1 Qe6 23. f4 Bh4 24. Re2 Qg4+ 25. Kh1 exf4 26. Rxf4 Rxf4 27. Qxf4 Qxf4 28. Bxf4 Rf8 29. Bg3 Bf6 30. c5 Rd8 31. Bc4+ Kg7 32. Bd6 h5 33. b4 b6 34. Kg2 bxc5 35. bxc5 Rd7 36. Re8 g5 37. Rg8+ Kh7 38. Rf8 Kg7 39. Rc8 Rb7 40. Rc7+ Rxc7 41. Bxc7 Bd4 42. Bd6 g4 43. Ba6 1-0

[Event "Early-Titled-Tuesday-Blitz-June-18-2024"]
[Site "Chess.com"]
[Date "2024.06.18"]
[Round "8"]
[White "myburger"]
[Black "mostafa_sakha"]
[Result "0-1"]
[WhiteElo "2523"]
[BlackElo "2403"]
[TimeControl "180+1"]
[EndTime "9:29:23 PDT"]
[Termination "mostafa_sakha won by resignation"]

1. d4 Nf6 2. Nc3 d5 3. Bf4 c5 4.
e4 cxd4 5. Qxd4 Nc6 6. Qa4 d4 7. Nb5 e5 8. Bxe5 Bb4+ 9. c3 dxc3 10. bxc3 O-O 11. Rd1 Nd7 12. Bc7 Qe7 13. cxb4 Qxe4+ 14. Be2 Qxg2 15. Kd2 Nde5 16. f4 Nc4+ 17. Kc1 Be6 18.
f5 Qg5+ 19. Kb1 Bxf5+ 20. Bd3 Bxd3+ 21. Rxd3 Qf5 22. Kc2 N6e5 23. Bxe5 Nxe5 24. Qb3 Rad8 25. Ne2 Rxd3 26. Ned4 Qf2+ 27. Kb1 Rxb3+ 28. Nxb3 Nd3 0-1

[Event "Early-Titled-Tuesday-Blitz-June-18-2024"]
[Site "Chess.com"]
[Date "2024.06.18"]
[Round "8"]
[White "Likvidator228"]
[Black "Rurep26"]
[Result "1/2-1/2"]
[WhiteElo "2550"]
[BlackElo "2723"]
[TimeControl "180+1"]
[EndTime "9:29:24 PDT"]
[Termination "Game drawn by repetition"]

1. d4 Nf6 2. Bf4 e6 3. e3 b6 4. Nf3 Bb7 5. h3 Be7 6. Nbd2 O-O 7. a4 d6 8. a5 a6 9. axb6 cxb6 10. c3 b5 11. Bd3 Nbd7 12. O-O Re8 13. e4 g6 14. Qe2 Bf8 15. e5 dxe5 16. Nxe5 Nxe5 17. Bxe5 Bg7 18. Bxf6 Bxf6 19. Be4 Qb6 20. Qf3 Bxe4 21. Nxe4 Bg7 22. Nf6+ Bxf6 23. Qxf6 b4 24. Rfe1 bxc3 25. bxc3 Qb2 26. d5 exd5 27. Rxe8+ Rxe8 28. Rxa6 Qb8 29. Qd6 Qb1+ 30. Kh2 Qf1 31. Qf6 Qb5 32. Rb6 Qc5 33. Rc6 Qe7 34. Qxe7 Rxe7 35. Rd6 Rc7 36. Rxd5 Rxc3 37. g3 Kg7 38. Kg2 h5 39. h4 Kf6 40.
Rb5 Kg7 41. Rb6 Rd3 42. Rc6 Rb3 43. Rd6 Kf8 44. Rd7 Kg7 45. Rd6 Kf8 46. Rd7 Kg7 47. Rd6 1/2-1/2

[Event "Early-Titled-Tuesday-Blitz-June-18-2024"]
[Site "Chess.com"]
[Date "2024.06.18"]
[Round "8"]
[White "Abund"]
[Black "LeninGuerra"]
[Result "1-0"]
[WhiteElo "2714"]
[BlackElo "2535"]
[TimeControl "180+1"]
[EndTime "9:29:24 PDT"]
[Termination "Abund won by resignation"]

1. e4 e6 2. d4 c5 3. d5 exd5 4.
exd5 d6 5. Nc3 Nf6 6. Nf3 Be7 7. Bc4 O-O 8. h3 a6 9. a4 b6 10.
O-O Bb7 11. Re1 Nbd7 12. Bf4 Re8 13. Qd3 Nf8 14. Bh2 Ng6 15. Re3 Bf8 16. Rae1 Rxe3 17. Rxe3 Qd7 18. Bg3 Nh5 19. Bh2 h6 20. Re1 Ngf4 21.
Qe4 g5 22. Bf1 f5 23. Qc4 Re8 24. Rxe8 Qxe8 25. Qb3 Qd8 26. g4 fxg4 27. hxg4 Nf6 28.
Bxf4 gxf4 29. Qc4 Qd7 30. Bh3 Qg7 31. Nh4 Nxg4 32. Qxf4 Ne5+ 33. Kh2 Qg5 34. Be6+ Kg7 35. Nf5+ Kf6 36. Ne4+ Kg6 37. Nxg5 hxg5 38. Nh4+ gxh4 39.
Qxf8 1-0

[Event "Early-Titled-Tuesday-Blitz-June-18-2024"]
[Site "Chess.com"]
[Date "2024.06.18"]
[Round "8"]
[White "campochess"]
[Black "Masterisback04"]
[Result "1-0"]
[WhiteElo "2197"]
[BlackElo "2095"]
[TimeControl "180+1"]
[EndTime "9:29:24 PDT"]
[Termination "campochess won by resignation"]

1. d4 Nf6 2. Bg5 Ne4 3. h4 Nxg5 4. hxg5 g6 5. Nf3 Bg7 6. e3 c5 7. c3 cxd4 8. cxd4 Qb6 9. Qd2 d6 10. Nc3 Nc6 11. Be2 Bd7 12. Rc1 Rc8 13. a3 Na5 14. Nd5 Rxc1+ 15. Qxc1 Qc6 16. Qxc6 bxc6 17. Nc3 Kd8 18.
Nd2 Kc7 19. g4 h6 20. gxh6 Rxh6 21. Rxh6 Bxh6 22. f4 Bg7 23. Kf2 d5 24. Kg3 e6 25.
Nf3 Nb7 26. Bd3 c5 27. Ba6 cxd4 28. exd4 Nd6 29. Ne5 Be8 30. Bd3 Kb6 31. b3 Bxe5 32. fxe5 Nb5 33. Bxb5 Bxb5 34. Kf4 Be8 35. Kg5 Kc7 36.
Kf6 Kd8 37. Ne2 a5 38. Nf4 Kd7 39. Nh3 Kd8 40. Ng5 Kd7 41. Nxf7 Bxf7 42. Kxf7 g5 43.
Kf6 a4 44. bxa4 1-0

[Event "Early-Titled-Tuesday-Blitz-June-18-2024"]
[Site "Chess.com"]
[Date "2024.06.18"]
[Round "8"]
[White "MagnusCarlsen"]
[Black "Rodalquilar"]
[Result "1-0"]
[WhiteElo "3175"]
[BlackElo "2821"]
[TimeControl "180+1"]
[EndTime "9:29:27 PDT"]
[Termination "MagnusCarlsen won by resignation"]

1. e4 d5 2. exd5 Qxd5 3. Nc3 Qa5 4. Nf3 Nf6 5. b4 Qxb4 6. Rb1 Qd6 7. d4 c6 8. Bd3 g6 9. O-O Bg7 10. Re1 O-O 11.
a4 a5 12. h3 Na6 13. Ne4 Nxe4 14. Bxe4 Rd8 15. Qe2 Nc7 16. Rb3 Nd5 17. Ba3 Qe6 18. Qd2 Nb4 19. Qd1 Qc4 20. c3 Be6 21. Nd2 Qa6 22. cxb4 Bxb3 23. Nxb3 axb4 24. Bxb4 Qxa4 25. Bxe7 Rd7 26. Bg5 Bxd4 27. Nxd4 Qxd1 28. Rxd1 c5 29. Bxb7 Rxb7 30. Nc6 Rc7 31. Ne7+ Kg7 32. Re1 f6 33.
Bxf6+ Kf7 34. Nd5 Rd7 35. Nb6 Kxf6 36. Nxd7+ 1-0

[Event "Early-Titled-Tuesday-Blitz-June-18-2024"]
[Site "Chess.com"]
[Date "2024.06.18"]
[Round "8"]
[White "RantomOpening"]
[Black "Cheer_Down"]
[Result "0-1"]
[WhiteElo "2609"]
[BlackElo "2456"]
[TimeControl "180+1"]
[EndTime "9:29:27 PDT"]
[Termination "Cheer_Down won by resignation"]

1. c4 e6 2. Nf3 d5 3. e3 dxc4 4.
Bxc4 Nf6 5. Nc3 a6 6. a4 c5 7. d4 cxd4 8. Qxd4 Qxd4 9. Nxd4 Bd7 10.
O-O Nc6 11. Nxc6 Bxc6 12. b3 Be7 13. Bb2 O-O-O 14. Rfd1 Rxd1+ 15. Rxd1 Rd8 16. Rxd8+ Kxd8 17. Kf1 g6 18. h3 Ne4 19. Nxe4 Bxe4 20. f3 Bc6 21. Ke2 h5 22. Bd4 Kd7 23. e4 b5 24.
axb5 Bxb5 25. Kd3 Kc6 26. Be3 Bb4 27. Bf2 Bc5 28. Be1 Be7 29. Bc3 Bd8 30. Kd4 Bf6+ 31.
Kd3 Bd8 32. g4 Be7 33. gxh5 gxh5 34. Be5 Bg5 35. f4 Be7 36. f5 exf5 37. exf5 Bb4 38. Bc3 Bxc3 39. Kxc3 f6 40. Kd4 Kd6 41. h4 Bxc4 42.
Kxc4 Ke5 43. Kb4 Kxf5 44. Ka5 Ke4 45. Kxa6 f5 46. b4 f4 47. b5 f3 48. b6 f2 49. b7 f1=Q+ 50. Ka7 Qa1+ 51. Kb8 Kd5 52. Kc8 Qc3+ 53. Kd8 Qb4 54. Kc8 Qc5+ 55. Kd8 Qb6+ 56.
Kc8 Qc6+ 57. Kd8 Qxb7 0-1

[Event "Early-Titled-Tuesday-Blitz-June-18-2024"]
[Site "Chess.com"]
[Date "2024.06.18"]
[Round "8"]
[White "Yaacovn"]
[Black "DinaBelenkaya"]
[Result "1-0"]
[WhiteElo "2826"]
[BlackElo "2355"]
[TimeControl "180+1"]
[EndTime "9:29:27 PDT"]
[Termination "Yaacovn won by resignation"]

1. d4 d5 2. Nf3 Nf6 3. c3 c5 4.
Bf4 Nc6 5. e3 Qb6 6. Qc2 Bf5 7.
dxc5 Bxc2 8. cxb6 axb6 9. Na3 Be4 10. Nb5 Kd7 11. Ne5+ Nxe5 12. Bxe5 Ne8 13. f3 Bg6 14. a3 f6 15. Bg3 e5 16. O-O-O Kc6 17. c4 dxc4 18.
Bxc4 Nc7 19. Nxc7 Kxc7 20. Bb5 Bd6 21. e4 Rhd8 22. Kb1 Rac8 23. b4 Bf7 24. Kb2 Kb8 25.
Bf2 Bc7 26. Bd7 b5 27. Bc5 Bc4 28. Bxc8 Kxc8 29. Rxd8+ Bxd8 30. Rd1 Bc7 31. Kc3 b6 32. Bd6 Bd8 33. Bf8 g6 34. h4 f5 35. Bg7 Bc7 36. Bf6 Be6 37. exf5 gxf5 38. Re1 e4 39. fxe4 fxe4 40.
Rxe4 Bd5 41. Re8+ Kb7 42. Re7 h5 43. Be5 1-0

[Event "Early-Titled-Tuesday-Blitz-June-18-2024"]
[Site "Chess.com"]
[Date "2024.06.18"]
[Round "8"]
[White "Savagelittlemole"]
[Black "cochess777"]
[Result "0-1"]
[WhiteElo "2485"]
[BlackElo "2361"]
[TimeControl "180+1"]
[EndTime "9:29:27 PDT"]
[Termination "cochess777 won by resignation"]

1. e4 c5 2. Ne2 Nc6 3. g3 g6 4. Bg2 Bg7 5. O-O d6 6. c3 e5 7. Na3 Nge7 8. Nc2 O-O 9. d4 exd4 10. cxd4 cxd4 11. Nexd4 Ne5 12. Ne3 Bd7 13. f4 N5c6 14.
Nxc6 Bxc6 15. Kh1 f5 16. exf5 Bxg2+ 17. Kxg2 Nxf5 18. Nxf5 Rxf5 19. Qb3+ d5 20. Be3 Qd7 21. Rad1 Re8 22. Bd4 Bxd4 23. Rxd4 Re2+ 24. Rf2 Qe6 25. Qf3 Re3 26. Qd1 Re1 27. Qc2 Rh5 28. h4 Rxh4 29. f5 Rg1+ 30. Kxg1 Qe1+ 31. Rf1 Qxg3+ 32.
Qg2 Qxg2+ 33. Kxg2 Rxd4 34. fxg6 hxg6 35. Rf2 Kg7 36.
Kf3 Re4 37. Rd2 Re5 38. Kf4 Rf5+ 39. Ke3 Kf6 40. Kd4 Ke6 41. b4 g5 42. Kc5 d4+ 43.
Kxd4 Rd5+ 44. Ke3 Rxd2 45. Kxd2 Kd5 0-1

[Event "Early-Titled-Tuesday-Blitz-June-18-2024"]
[Site "Chess.com"]
[Date "2024.06.18"]
[Round "8"]
[White "sanbruh"]
[Black "Szachulec75"]
[Result "0-1"]
[WhiteElo "2445"]
[BlackElo "2254"]
[TimeControl "180+1"]
[EndTime "9:29:29 PDT"]
[Termination "Szachulec75 won on time"]

1. e4 d6 2. d4 Nf6 3. Nc3 c6 4. Nf3 Bg4 5. Be2 Nbd7 6. h3 Bxf3 7. Bxf3 e5 8. Be3 Be7 9. Qd2 O-O 10. O-O Qc7 11.
Rad1 Rfd8 12. g3 Bf8 13. Bg2 Nb6 14. Qe2 Re8 15. f4 exd4 16. Bxd4 Nfd5 17. Qf2 Nxc3 18. Bxc3 Na4 19. Qd4 Nxc3 20. Qxc3 Rad8 21. Rd2 Qb6+ 22. Kh1 d5 23. exd5 Bb4 24. Qd4 Bxd2 25. Qxd2 cxd5 26. c3 d4 27. cxd4 Rxd4 28. Qc2 Red8 29. Rf2 Qg6 30. Qb3 b6 31. Kh2 Rd3 32. Qc2 Qxg3+ 33.
Kg1 Rd1+ 34. Rf1 Rxf1+ 35. Kxf1 Qxf4+ 36. Kg1 g6 37. a3 Qe3+ 38. Kh1 Rd2 39. Qc8+ Kg7 40.
Qc3+ Qxc3 41. bxc3 Rc2 0-1

[Event "Early-Titled-Tuesday-Blitz-June-18-2024"]
[Site "Chess.com"]
[Date "2024.06.18"]
[Round "8"]
[White "Andrei_Skvortsov"]
[Black "dennisodessa"]
[Result "1-0"]
[WhiteElo "2780"]
[BlackElo "2608"]
[TimeControl "180+1"]
[EndTime "9:29:31 PDT"]
[Termination "Andrei_Skvortsov won by resignation"]

1. e4 e6 2. Nf3 d5 3. exd5 exd5 4. Bd3 Nf6 5. O-O Be7 6. Re1 O-O 7. c3 Bg4 8. h3 Bh5 9. Bc2 Nbd7 10. d4 Bd6 11.
Bg5 c6 12. g4 Bg6 13. Kg2 Qc7 14. Nbd2 Rfe8 15. Bxg6 hxg6 16. Qc2 Rxe1 17. Rxe1 Re8 18. Rxe8+ Nxe8 19. Qd3 Nef6 20. a4 Bf4 21. Bh4 Qb8 22. a5 b5 23. axb6 axb6 24. b4 b5 25. Nb3 Ne4 26.
Na5 Qc7 27. Ng1 Nb6 28. f3 Ng5 29. Ne2 Ne6 30. Bf2 Nc4 31. Nxc4 bxc4 32. Qb1 Qa7 33.
b5 Qb7 34. b6 Bd6 35. f4 Nf8 36. f5 gxf5 37. gxf5 Nd7 38. Qa2 Nf8 39. Qa7 Nd7 40.
Qxb7 1-0

[Event "Early-Titled-Tuesday-Blitz-June-18-2024"]
[Site "Chess.com"]
[Date "2024.06.18"]
[Round "8"]
[White "ketster"]
[Black "PeshkaCh"]
[Result "0-1"]
[WhiteElo "2574"]
[BlackElo "2848"]
[TimeControl "180+1"]
[EndTime "9:29:33 PDT"]
[Termination "PeshkaCh won on time"]

1. d4 Nf6 2. c4 e6 3. Nc3 d5 4. Nf3 Be7 5. cxd5 exd5 6. Bf4 O-O 7. e3 c5 8. dxc5 Bxc5 9. Be2 Nc6 10. O-O Bg4 11. Rc1 Be7 12. Nb5 Rc8 13. h3 Bh5 14. Nfd4 Bxe2 15. Qxe2 Qb6 16. Nf5 Bc5 17. a3 a6 18.
Nbd6 Bxd6 19. Bxd6 Rfe8 20. Bc5 Qd8 21. Nd6 Ne4 22.
Nxc8 Qxc8 23. Rfd1 Qf5 24. Qf3 Qe6 25. Bd4 g6 26. h4 h5 27. Qf4 Kh7 28. b4 Re7 29.
f3 Nd6 30. Bc5 Rd7 0-1

[Event "Early-Titled-Tuesday-Blitz-June-18-2024"]
[Site "Chess.com"]
[Date "2024.06.18"]
[Round "8"]
[White "ChessSwole"]
[Black "pospisku"]
[Result "1/2-1/2"]
[WhiteElo "2692"]
[BlackElo "2533"]
[TimeControl "180+1"]
[EndTime "9:29:34 PDT"]
[Termination "Game drawn by stalemate"]

1. e4 e5 2. Nf3 Nc6 3. d4 exd4 4. Nxd4 Bc5 5. Nb3 Bb6 6. Nc3 Nf6 7. Bg5 h6 8. Bh4 O-O 9. Qd2 a5 10. f3 Nxe4 11.
Nxe4 Qxh4+ 12. g3 Qe7 13. O-O-O a4 14. Na1 d5 15. Qxd5 Be3+ 16. Kb1 Rd8 17. Qxd8+ Nxd8 18. Bd3 a3 19. Rhe1 axb2 20. Nb3 Qa3 21. Nc3 Qa7 22.
Kxb2 Be6 23. a4 Bf2 24. Re2 Bc5 25. a5 Bf8 26. Nb5 Qb8 27. N5d4 c5 28. Nxe6 Nxe6 29. Bc4 b5 30. axb6 Qxb6 31. Re4 Qa7 32. Ra1 Qb8 33.
Rae1 Ra4 34. Bxe6 Rxe4 35. Bxf7+ Kxf7 36. Rxe4 Be7 37. Kc1 Qb5 38. Kd2 Qf1 39. f4 c4 40.
Nd4 Qf2+ 41. Kc3 Qxh2 42. Nf5 Bf6+ 43. Kb4 Qxc2 44. Nd6+ Kg8 45. Rxc4 Qd2+ 46. Kc5 Be7 47. Rd4 Bxd6+ 48. Rxd6 Qe3+ 49. Kc6 Qxg3 50. Rd4 h5 51.
Kb7 h4 52. Rb4 h3 53. f5 Qf3+ 54. Ka7 Qxf5 55. Rb6 Qf2 56. Kb7 Qxb6+ 57. Ka8 h2 1/2-1/2